 Dungeon Crawl Stone Soup version 0.22-a0-603-gfc1114d (webtiles) character file.

3936 sking99 the Martial Artist (level 10, -10/90 HPs)
             Began as a Green Draconian Transmuter on July 7, 2018.
             Was an Elder of Okawaru.
             Mangled by a cyan ugly thing (14 damage)
             ... on level 9 of the Dungeon.
             The game lasted 00:18:46 (9343 turns).

sking99 the Martial Artist (DrTm)                   Turns: 9343, Time: 00:18:47

Health: -10/90     AC: 14    Str: 12    XL:     10   Next: 1%
Magic:  13/13      EV: 12    Int: 15    God:    Okawaru [****..]
Gold:   333        SH:  0    Dex: 14    Spells: 3/13 levels left

rFire    . . .     SeeInvis .     - Unarmed
rCold    . . .     Gourm    .   (no shield)
rNeg     . . .     Faith    +   (armour unavailable)
rPois    +         Spirit   .   H - +2 hat
rElec    .         Reflect  .   x - +1 cloak
rCorr    .         Harm     .   l - +0 pair of gloves
MR       +....                  g - +1 pair of boots
Stlth    +.........             o - amulet of faith
HPRegen  0.25/turn              G - ring of protection from magic
MPRegen  0.13/turn              f - ring of wizardry

@: short of breath
A: breathe noxious fumes, unfitting armour, poison resistance, cold-blooded, AC
+7
a: Breathe Noxious Fumes, Heroism, Renounce Religion


You were on level 9 of the Dungeon.
You worshipped Okawaru.
Okawaru was greatly pleased with you.
You were hungry.

You visited 1 branch of the dungeon, and saw 9 of its levels.
You also visited: Ossuary.

You collected 466 gold pieces.
You spent 133 gold pieces at shops.

Inventory:

Missiles
 a - 145 arrows
Armour
 d - a +0 buckler
 g - a +1 pair of boots (worn)
 l - a +0 pair of gloves (worn)
 x - a +1 cloak (worn)
 H - a +2 hat (worn)
Jewellery
 f - a ring of wizardry (right hand)
 n - an uncursed ring of see invisible
 o - an amulet of faith (around neck)
 A - an uncursed amulet of rage
 E - an uncursed ring of protection from cold
 G - a ring of protection from magic (left hand)
 I - an uncursed ring of magical power
Wands
 w - a wand of iceblast (4)
 z - a wand of flame (67)
Scrolls
 k - a scroll of teleportation
 v - a scroll of immolation
 y - 2 scrolls of blinking
 B - 3 scrolls of remove curse
 D - 2 scrolls of identify
 F - a scroll of amnesia
 J - a scroll of enchant armour
 M - a scroll of fear {unknown}
Potions
 e - 2 potions of agility
 h - a potion of lignification
 i - 4 potions of ambrosia
 j - a potion of heal wounds
 m - a potion of resistance
 p - a potion of curing
 q - 3 potions of degeneration {unknown}
 r - a potion of brilliance {unknown}
 s - 2 potions of flight
 t - 4 potions of cancellation
 u - a potion of invisibility {unknown}
 C - a potion of magic {unknown}
 K - a potion of might {unknown}
 L - 2 potions of mutation {unknown}
Comestibles
 b - 8 chunks of flesh
 c - 17 rations


   Skills:
 + Level 8.6 Fighting
 - Level 1.7 Dodging
 * Level 11.4 Unarmed Combat
 - Level 2.0 Spellcasting
 - Level 5.0 Transmutations


You had 3 spell levels left.
You knew the following spells:

 Your Spells              Type           Power        Failure   Level  Hunger
a - Beastly Appendage     Tmut           ###...       1%          1    #......
b - Sticks to Snakes      Tmut           ###.....     1%          2    ###....
c - Blade Hands           Tmut           ###.......   30%         5    ######.
d - Apportation           Tloc           #.....       9%          1    #......
e - Summon Butterflies    Summ           #.......     9%          1    #......

Your spell library contained the following spells:

 Spells                   Type           Power        Failure   Level  Hunger
 Invisibility             Hex            #.......     100%        6    #######
 Summon Small Mammal      Summ           #...         9%          1    #......
 Summon Ice Beast         Ice/Summ       #.......     61%         4    #####..
 Call Imp                 Summ           #.......     13%         2    ###....
 Tukima's Dance           Hex            #.......     26%         3    ###....
 Spider Form              Tmut/Pois      #.........   10%         3    ###....
 Ice Form                 Ice/Tmut       #.......     30%         4    #####..
 Call Canine Familiar     Summ           #.......     26%         3    ###....
 Alistair's Intoxication  Tmut/Pois      #.......     61%         5    ######.
 Summon Lightning Spire   Summ/Air       #.......     61%         4    #####..
 Summon Guardian Golem    Hex/Summ       #.......     26%         3    ###....
 Lesser Beckoning         Tloc           #.........   26%         3    ###....


Dungeon Overview and Level Annotations

Branches:
Dungeon (9/15)             Temple (0/1) D:7
   Lair: D:8-11         Orc: D:9-12

Altars:
Dithmenos
Gozag
Okawaru
Ru
Trog

Shops:
D:6 [


Innate Abilities, Weirdness & Mutations

You can breathe blasts of noxious fumes.
Your lurid green scales are hard. (AC +7)
You cannot fit into any form of body armour.
Your system is resistant to poisons. (rPois)
You are cold-blooded and may be slowed by cold attacks.


Message History

You feel somewhat more hungry.
You feel sick.
You are no longer poisoned.
The killer bee is engulfed in noxious fumes.
The killer bee appears confused.
The cyan ugly thing is engulfed in noxious fumes.
The cyan ugly thing punches you! The cyan ugly thing shocks you!
* * * LOW HITPOINT WARNING * * *
You hit the cyan ugly thing.
The cyan ugly thing is severely wounded.
The killer bee is engulfed in noxious fumes.
The killer bee appears confused.
You hit the cyan ugly thing but do no damage.
The cyan ugly thing is severely wounded.
The killer bee is engulfed in noxious fumes.
The killer bee appears confused.
The cyan ugly thing is engulfed in noxious fumes.
The cyan ugly thing punches you!
* * * LOW HITPOINT WARNING * * *
The cyan ugly thing shocks you!
You die...

#.#u#.......#
#.#...##.#.
#.#...###
#.#§....#
#.#§..###.#
###.#.y§.........
........§.........
####.###u#.###.###
#. #@#.# # # #.#.#
..... ####.# ##


You could see a cyan ugly thing and a killer bee (confused).

Vanquished Creatures
  Pikel (D:8)
  A hornet (D:8)
  2 wyverns
  2 hungry ghosts (D:7)
  2 ice beasts
  2 sky beasts
  3 orc warriors
  2 black bears
  3 centaurs
  A big kobold (D:8)
  A wyvern zombie (D:9)
  2 bullfrogs
  2 water moccasin zombies (Ossuary)
  A water moccasin skeleton (D:9)
  2 killer bees (D:9)
  3 howler monkeys (D:8)
  2 crimson imps
  A centaur skeleton (D:5)
  A hound (D:8)
  A jelly (D:6)
  4 orc priests
  A bullfrog skeleton (D:7)
  3 iguanas
  7 orc wizards
  2 worker ants
  3 big kobold zombies (Ossuary)
  2 hound zombies (D:5)
  2 mummies (Ossuary)
  A howler monkey zombie (D:6)
  3 gnolls (D:5)
  11 adders
  A shadow imp (D:6)
  An ooze (D:1)
  2 adder skeletons
  2 adder zombies (Ossuary)
  3 worms
  5 dart slugs
  4 leopard geckos
  34 orcs
  2 ball pythons
  5 bats
  6 giant cockroaches
  5 gnoll zombies (Ossuary)
  5 hobgoblins
  6 jackals
  5 quokkas
  7 frilled lizards
  4 goblins
  5 hobgoblin zombies (Ossuary)
  9 kobolds
  3 kobold zombies (Ossuary)
  A leopard gecko skeleton (D:5)
  A leopard gecko zombie (D:8)
  2 orc zombies (Ossuary)
  A quokka skeleton (D:7)
  6 rats
199 creatures vanquished.

Vanquished Creatures (collateral kills)
  An adder (D:4)
  A leopard gecko (D:6)
  2 orcs (D:3)
  A bat (D:3)
5 creatures vanquished.

Grand Total: 204 creatures vanquished

Notes
Turn   | Place    | Note
-------+----------+-------------------------------------------
     0 | D:1      | sking99 the Draconian Transmuter began the quest for the Orb.
     0 | D:1      | Reached XP level 1. HP: 16/16 MP: 3/3
   214 | D:1      | Reached XP level 2. HP: 9/23 MP: 5/5
   733 | D:1      | Learned a level 2 spell: Sticks to Snakes
   771 | D:1      | Reached XP level 3. HP: 20/29 MP: 6/6
  1060 | D:1      | Reached skill level 4 in Unarmed Combat
  1429 | D:2      | Found a bloodstained altar of Trog.
  1863 | D:3      | Reached XP level 4. HP: 33/37 MP: 4/7
  2330 | D:3      | Reached XP level 5. HP: 39/44 MP: 5/8
  2579 | D:4      | Found a sand-covered staircase.
  2584 | Ossuary  | Entered an ossuary
  2830 | Ossuary  | Reached skill level 5 in Unarmed Combat
  3096 | Ossuary  | Reached XP level 6. HP: 46/51 MP: 9/9
  3370 | Ossuary  | Got a bone battleaxe
  3371 | Ossuary  | Identified the +10 battleaxe "Zuumusuf" {antimagic, +Rage Dex+4 Stlth+} (You found it in an ossuary)
  3870 | D:4      | Found an iron altar of Okawaru.
  3929 | D:4      | Became a worshipper of Warmaster Okawaru
  4336 | D:4      | Found a shadowy altar of Dithmenos.
  4340 | D:4      | Found an opulent altar of Gozag.
  4378 | D:5      | Entered Level 5 of the Dungeon
  4403 | D:5      | Reached skill level 6 in Unarmed Combat
  4650 | D:5      | Your scales start taking on a lurid green colour.
  4650 | D:5      | Reached XP level 7. HP: 46/59 MP: 10/10
  4650 | D:5      | Gained mutation: Your system is resistant to poisons. (rPois) [Green Draconian growth]
  5530 | D:6      | Noticed a wyvern
  5775 | D:5      | Killed a wyvern
  5775 | D:5      | Reached * piety under Okawaru
  5775 | D:5      | Reached skill level 7 in Unarmed Combat
  5910 | D:6      | Reached skill level 5 in Fighting
  5974 | D:6      | Reached XP level 8. HP: 27/68 MP: 4/11
  6293 | D:6      | Reached skill level 5 in Transmutations
  6334 | D:6      | Found Kugolari's Antique Armour Boutique.
  6342 | D:6      | Bought a runed hat for 133 gold pieces
  6449 | D:6      | Reached skill level 8 in Unarmed Combat
  7364 | D:7      | Reached skill level 9 in Unarmed Combat
  7433 | D:7      | Reached ** piety under Okawaru
  7485 | D:7      | Reached XP level 9. HP: 67/78 MP: 12/12
  7879 | D:7      | Found a staircase to the Ecumenical Temple.
  8007 | D:8      | Learned a level 5 spell: Blade Hands
  8123 | D:8      | Reached skill level 10 in Unarmed Combat
  8162 | D:8      | Found a sacrificial altar of Ru.
  8265 | D:8      | Paralysed by a hornet for 1 turns
  8273 | D:8      | Reached *** piety under Okawaru
  8723 | D:8      | Noticed Pikel
  8747 | D:8      | Killed Pikel
  8747 | D:8      | Reached **** piety under Okawaru
  8747 | D:8      | Reached skill level 11 in Unarmed Combat
  9143 | D:9      | Learned a level 1 spell: Apportation
  9145 | D:9      | Learned a level 1 spell: Summon Butterflies
  9187 | D:9      | Found a sacrificial altar of Ru.
  9235 | D:9      | Noticed a cyan ugly thing
  9317 | D:9      | Reached XP level 10. HP: 48/90 MP: 11/13
  9343 | D:9      | HP: 4/90 [cyan ugly thing (12)]
  9343 | D:9      | Mangled by a cyan ugly thing

Vault maps used:
D:1:      onia_arrival_larder
D:2:      lemuel_crystal_altar
D:4:      minitemple, okawaru_trees_2, nicolae_ossuary_entry_false_entrances
D:5:      first_ration
D:6:      serial_shops, nicolae_shop_stone
D:7:      minmay_temple_entry_nine_rooms
D:8:      kennysheep_mini, blue_anna_alchemist, uniq_pikel
D:9:      marbit_many_paths, makhleb_heckhound_becter, lemuel_tele_altar
Ossuary:  ossuary_tomb_2

Skill      XL: |  1  2  3  4  5  6  7  8  9 |
---------------+----------------------------+-----
Fighting       | 2 3 4 5 6 8 |  8.6
Unarmed Combat | 4 5 6 7 9 11 | 11.4
Transmutations | 3 4 5 |  5.0
Dodging        | |  1.7
Spellcasting   | |  2.0

Action                   |  1- 3 |  4- 6 |  7- 9 | 10-12 || total
-------------------------+-------+-------+-------+-------++-------
Melee: Unarmed           |   180 |   318 |   516 |    16 ||  1030
       Tailslap          |     8 |    45 |    72 |       ||   125
       Headbutt          |     2 |     9 |     5 |       ||    16
       Kick              |     1 |       |       |       ||     1
       Punch             |       |     4 |    20 |       ||    24
 Cast: Beastly Appendage |     2 |     6 |     3 |       ||    11
       Sticks to Snakes  |     1 |     5 |     6 |       ||    12
Invok: Heroism           |       |       |     5 |       ||     5
 Abil: Breathe Noxious F |       |       |    10 |     2 ||    12
Evoke: Wand              |       |     1 |       |       ||     1
  Use: Scroll            |       |    14 |     8 |       ||    22
       Potion            |       |       |     1 |     1 ||     2
 Stab: Confused          |       |       |     8 |       ||     8
  Eat: Chunk             |     3 |     7 |    13 |       ||    23
       Ration            |       |     1 |     3 |       ||     4
Armor: Skin              |    57 |   110 |   189 |    10 ||   366
Dodge: Dodged            |   122 |   153 |   286 |     9 ||   570

Table legend:
 A = Spawn XP
 B = Non-spawn XP
 C = Spawn XP percentage of total XP
 D = Spawn monster count
 E = Non-spawn monster count
 F = Spawn count percentage of total count
 G = Total turns spent on level
                    A         B        C        D         E        F      G
               +---------+---------+-------+---------+---------+-------+---------
         Total |       0 |    5623 |   0.0 |       0 |     204 |   0.0 |  9343
               +---------+---------+-------+---------+---------+-------+---------
           D:1 |       0 |      65 |   0.0 |       0 |      31 |   0.0 |  1383
           D:2 |       0 |      34 |   0.0 |       0 |      15 |   0.0 |   728
           D:3 |       0 |     104 |   0.0 |       0 |      15 |   0.0 |   453
           D:4 |       0 |     130 |   0.0 |       0 |      13 |   0.0 |  1126
           D:5 |       0 |     597 |   0.0 |       0 |      27 |   0.0 |  1290
           D:6 |       0 |     659 |   0.0 |       0 |      18 |   0.0 |  1058
           D:7 |       0 |    1217 |   0.0 |       0 |      23 |   0.0 |  1053
           D:8 |       0 |    1954 |   0.0 |       0 |      22 |   0.0 |  1157
           D:9 |       0 |     562 |   0.0 |       0 |      16 |   0.0 |   247
       Ossuary |       0 |     301 |   0.0 |       0 |      24 |   0.0 |   848
               +---------+---------+-------+---------+---------+-------+---------
